 Dungeon Crawl Stone Soup version 0.26-a0-757-g626ac9e51a (webtiles) character file.

Game seed: 17400338235491252011

148 strifetoe the Chopper (level 5, -18/45 HPs)
             Began as a Hill Orc Fighter on Nov 7, 2020.
             Demolished by a two-headed ogre
             ... wielding a +0 giant spiked club
              (22 damage)
             ... on level 5 of the Dungeon.
             The game lasted 00:01:06 (1066 turns).

strifetoe the Chopper (Hill Orc Fighter)            Turns: 1066, Time: 00:01:07

Health: -18/45     AC: 15    Str: 20    XL:     5   Next: 30%
Magic:  5/5        EV:  7    Int:  8    God:
Gold:   66         SH:  9    Dex: 10    Spells: 4/4 levels left

rFire    . . .     SeeInvis .   a - +0 war axe
rCold    . . .     Faith    +   c - +0 kite shield
rNeg     + . .     Spirit   .   f - +0 plate armour
rPois    .         Reflect  .   (no helmet)
rElec    .         Harm     .   g - +2 cloak
rCorr    .         Rampage  .   p - +0 pair of gloves
MR       .....                  (no boots)
Stlth    ..........             q - amulet of faith (curse)
HPRegen  0.15/turn              n - +4 ring of evasion
MPRegen  0.09/turn              k - ring of positive energy

@: mighty
A: no striking features
a: no special abilities


You were on level 5 of the Dungeon.
You visited 1 branch of the dungeon, and saw 5 of its levels.

You collected 66 gold pieces.

Inventory:

Hand Weapons
 a - a +0 war axe (weapon)
Armour
 b - a +0 scale mail
 c - a +0 kite shield (worn)
 f - a +0 plate armour (worn)
 g - a +2 cloak (worn)
 p - a +0 pair of gloves (worn)
Jewellery
 k - a ring of positive energy (right hand)
 n - a +4 ring of evasion (left hand)
 q - a cursed amulet of faith (around neck)
Wands
 o - a wand of disintegration (14)
Scrolls
 i - a scroll of immolation {unknown}
 j - 4 scrolls of identify {unknown}
Potions
 e - a potion of cancellation {unknown}
 h - a potion of flight {unknown}
 l - a potion of heal wounds {unknown}
 m - a potion of curing {unknown}


   Skills:
 - Level 3.6 Fighting
 + Level 7.1 Axes
 - Level 3.2 Armour
 - Level 3.2 Shields


You had 4 spell levels left.
You didn't know any spells.
Your spell library was empty.

Dungeon Overview and Level Annotations

Branches:
Dungeon (5/15)
 Temple: D:4-7

Altars:
Sif Muna

Annotations:
D:4 3 runed translucent doors, Whiskey's ghost, novice OpTm


Message History

The two-headed ogre barely misses you. You block the two-headed ogre's attack.
You barely miss the two-headed ogre.
The two-headed ogre is moderately wounded.
The two-headed ogre hits you but does no damage.
The two-headed ogre closely misses you.
You slash the two-headed ogre!
The two-headed ogre is heavily wounded.
The two-headed ogre completely misses you.
The two-headed ogre hits you with a +0 giant club.
* * * LOW HITPOINT WARNING * * *
Unknown command.
You slash the two-headed ogre!
The two-headed ogre is severely wounded.
You hit the two-headed ogre.
The two-headed ogre is severely wounded.
The two-headed ogre closely misses you. x2
You slash the two-headed ogre!
The two-headed ogre is almost dead.
The two-headed ogre hits you with a +0 giant spiked club!!
You die...

#### #.. #.#
####@######
#.#..O......#
#....)......#
###.##.###..##.#
#. #.........#
#. ##.<...### #.
#.###.# #. #.# #
#. #.#


You could see a two-headed ogre.

Vanquished Creatures
  A big kobold (D:3)
  A jelly (D:5)
  2 adders (D:4)
  An ufetubus (D:4)
  An ooze (D:1)
  An adder skeleton (D:4)
  2 bats (D:2)
  3 giant cockroaches
  2 goblins (D:2)
  3 jackals (D:3)
  A kobold (D:1)
  A frilled lizard (D:1)
  A rat (D:1)
20 creatures vanquished.

Notes
Turn   | Place    | Note
-------+----------+-------------------------------------------
     0 | D:1      | strifetoe the Hill Orc Fighter began the quest for the Orb.
     0 | D:1      | Reached XP level 1. HP: 19/19 MP: 1/1
    15 | D:1      | Reached skill level 3 in Axes
    93 | D:1      | Reached XP level 2. HP: 24/26 MP: 2/2
   220 | D:2      | Reached skill level 4 in Axes
   262 | D:2      | You fall into a shaft and drop 1 floor!
   272 | D:3      | Noticed a big kobold
   298 | D:3      | Killed a big kobold
   298 | D:3      | Reached skill level 6 in Axes
   298 | D:3      | Reached XP level 3. HP: 19/31 MP: 3/3
   298 | D:3      | Reached XP level 4. HP: 24/39 MP: 4/4
   772 | D:4      | Found a runed translucent gate.
   772 | D:4      | Found a runed translucent gate.
   773 | D:4      | Found a runed translucent gate.
   906 | D:4      | Reached XP level 5. HP: 45/45 MP: 5/5
   917 | D:4      | Found a shimmering blue altar of Sif Muna.
  1026 | D:4      | Noticed Whiskey's ghost (novice OpTm)
  1044 | D:5      | Entered Level 5 of the Dungeon
  1048 | D:5      | Reached skill level 7 in Axes
  1056 | D:5      | Noticed a two-headed ogre
  1066 | D:5      | Demolished by a two-headed ogre

Illustrated notes

Levels and vault maps discovered:
D:1:      dpeg_arrival_chambers_temple_mockup, layout_basic
D:2:      layout_basic, grunt_temple_overflow_opulence,
          makhleb_altar_promises_db
D:3:      kennysheep_big_flooded_room, layout_basic,
          minmay_overflow_temple_star_quad, chequers_ecumenical_altar_simple,
          uniq_jessica, uniq_terence
D:4:      layout_rooms, led_sif_pool, ebering_ghost_rock_garden,
          serial_bayou_lagoon_a, dk_noncrumbling_3
D:5:      layout_loops_corners, nicolae_overflow_crystal_walls,
          grunt_decor_resistance, uniq_eustachio

Skill      XL: |  1  2  3  4  5 |
---------------+----------------+-----
Axes           | 3 6 7 |  7.1
Fighting       | |  3.6
Armour         | |  3.2
Shields        | |  3.2

Action                   |  1- 3 |  4- 6 || total
-------------------------+-------+-------++-------
Melee: War axe           |    37 |    21 ||    58
  Use: Potion            |       |     1 ||     1
Armor: Scale mail        |    18 |     9 ||    27
       Plate armour      |       |     1 ||     1
Dodge: Dodged            |    14 |    14 ||    28
Block: Kite shield       |    27 |    16 ||    43

Table legend: (Time is in decaauts)
 A = Elapsed time spent in this place.
 B = Non-inter-level travel time spent in this place.
 C = Inter-level travel time spent in this place.
 D = Time resting spent in this place.
 E = Time spent auto-exploring this place.
 F = Levels seen in this place.
 G = Mean time per level.
                   A        B        C        D        E       F      G
               +--------+--------+--------+--------+--------+-----+--------+
         Total |   1087 |   1034 |     53 |    195 |    648 |   5 |  217.4 |
       Dungeon |   1087 |   1034 |     53 |    195 |    648 |   5 |  217.4 |
               +--------+--------+--------+--------+--------+-----+--------+

Top non-repeatable levels by time:
     D:4: 733 daAuts
     D:1: 203 daAuts
     D:2: 66 daAuts
     D:3: 60 daAuts
     D:5: 23 daAuts
